 Dungeon Crawl Stone Soup version 0.30-a0-743-gbfdf073431 (webtiles) character file.

Game seed: 8400644918263225669

1498 testman the Covert (level 8, 0/54 (60) HPs)
             Began as a Vampire Enchanter on Feb 6, 2023.
             Slain by a wight
             ... wielding a +3 dire flail of freezing
              (10 damage)
             ... on level 6 of the Dungeon.
             The game lasted 00:15:37 (4415 turns).

testman the Covert (Vampire Enchanter)              Turns: 4415, Time: 00:15:38

HP:   0/54 (60)     AC:  4    Str:  7    XL:     8   Next: 52%
MP:   5/14          EV: 12    Int: 18    God:
Gold: 371           SH:  0    Dex: 16    Spells: 7/15 levels left

rFire   . . .      SeeInvis +    g - +1 short sword (drain)
rCold   . . .      Faith    .    (no shield)
rNeg    . . .      Spirit   .    u - +0 leather armour
rPois   .          Reflect  .    (no helmet)
rElec   .          Harm     .    (no cloak)
rCorr   +          Rampage  .    (no gloves)
Will    .....                    x - +0 pair of boots
Stlth   ++++                     d - amulet of regeneration
HPRegen 1.29/turn                q - ring of flight
MPRegen 0.14/turn                y - ring of resist corrosion

@: flying, healing quickly, heavily drained
A: alive, fangs 3, see invisible, vampiric 2
a: Exsanguinate


You were on level 6 of the Dungeon.
You visited 1 branch of the dungeon, and saw 6 of its levels.

You collected 371 gold pieces.

Inventory:

Hand Weapons
 a - a +1 dagger
 g - a +1 short sword of draining (weapon)
Armour
 b - a +0 robe
 u - a +0 leather armour (worn)
 x - a +0 pair of boots (worn)
Jewellery
 d - an amulet of regeneration (around neck)
 m - an amulet of faith
 q - a ring of flight (left hand)
 y - a ring of resist corrosion (right hand)
Scrolls
 i - a scroll of noise {unknown}
 l - 4 scrolls of teleportation {unknown}
 n - 6 scrolls of identify {unknown}
 p - 6 scrolls of fear {unknown}
 r - a scroll of blinking {unknown}
 v - a scroll of enchant armour {unknown}
 w - a scroll of enchant weapon {unknown}
Potions
 c - 3 potions of invisibility
 e - a potion of degeneration {unknown}
 f - 3 potions of might {unknown}
 h - 2 potions of magic {unknown}
 j - 2 potions of ambrosia {unknown}
 k - 3 potions of curing {unknown}
 o - a potion of flight {unknown}
 s - a potion of mutation {unknown}
 t - 2 potions of berserk rage {unknown}
 z - a potion of brilliance {unknown}


   Skills:
 + Level 3.7 Fighting
 + Level 4.9 Short Blades
 - Level 2.3 Dodging
 + Level 8.1 Stealth
 + Level 4.3 Spellcasting
 + Level 2.1 Conjurations
 + Level 7.6 Hexes
 - Level 2.0 Ice Magic


You had 7 spell levels left.
You knew the following spells:

 Your Spells              Type           Power      Damage    Failure   Level
a - Ensorcelled Hibernat  Hex/Ice        42%        N/A       4%          2
b - Confusing Touch       Hex            31%        N/A       2%          3
c - Tukima's Dance        Hex            31%        N/A       2%          3

Your spell library contained the following spells:

 Spells                   Type           Power      Damage    Failure   Level
 Dazzling Flash           Conj/Hex       42%        N/A       9%          3
 Hailstorm                Conj/Ice       11%        3d5       26%         3
 Ice Form                 Ice/Tmut       7%         N/A       80%         4
 Simulacrum               Ice/Necr       3%         N/A       100%        6


Dungeon Overview and Level Annotations

Branches:
Dungeon (6/15)
 Temple: D:4-7

Altars:
Makhleb
Qazlal
Vehumet
Yredelemnul

Shops:
D:2 *   D:6 **

Annotations:
D:3 3 runed translucent doors, lessens's ghost, amateur DEHu


Innate Abilities, Weirdness & Mutations

Your natural rate of healing is accelerated.
You have razor-sharp teeth.
You have supernaturally acute eyesight. (SInv)
You are afflicted with vampirism and can become a bat while bloodless.


Message History

The wight is lightly damaged.
Your +0 short sword hits the wight.
The wight hits your +0 short sword!
Your +0 short sword falls from the air.
You closely miss the wight.
The wight is heavily damaged.
You hit the wight but do no damage.
The wight is heavily damaged.
The wight hits you.
You hit the wight but do no damage.
The wight is heavily damaged.
You barely miss the wight. You hit the wight.
The wight is heavily damaged.
The wight barely misses you.
The wight hits you with a +3 dire flail of freezing!
You feel drained. The wight freezes you.
You hit the wight.
The wight is severely damaged.
The wight hits you.
The wight hits you with a +3 dire flail of freezing!
You feel drained. The wight freezes you.
You completely miss the wight.
The wight is severely damaged.
The wight misses you.
The wight hits you with a +3 dire flail of freezing!
* * * LOW HITPOINT WARNING * * *
You feel drained.
* * * LOW HITPOINT WARNING * * *
The wight freezes you.
* * * LOW HITPOINT WARNING * * *
You closely miss the wight.
The wight is severely damaged.
The wight misses you. The wight closely misses you.
You hit the wight but do no damage.
The wight is severely damaged.
You barely miss the wight.
The wight is severely damaged.
The wight misses you.
The wight hits you with a +3 dire flail of freezing!
You die...

########## #@z..)[..#
############## #z######.#########
.............# #.# #..........
#####.....######.######..#.......
##........###.........#..#.......
......................#......####
.....#......###.#####.#......#
.....#..........# #......####
.....#..........# ....#......z..


You could see 2 wights.

Vanquished Creatures
  Eustachio (D:6)
  A steam dragon (D:6)
  A sky beast (D:6)
  A centaur (D:5)
  2 ogres
  2 scorpions (D:5)
  A necrophage (D:6)
  2 wights (D:6)
  A crimson imp (D:4)
  4 hounds
  2 orc priests
  A gnoll bouda (D:6)
  An iguana (D:5)
  Natasha (twice) (D:4)
  2 orc wizards (D:4)
  5 gnolls (D:6)
  2 adders (D:3)
  2 worms
  5 dart slugs
  9 orcs
  6 ball pythons
  9 endoplasms
  A giant cockroach (D:1)
  23 goblins
  8 hobgoblins
  6 jackals (D:1)
  3 quokkas
  5 bats
  7 frilled lizards
  10 kobolds
  6 rats
131 creatures vanquished.

Vanquished Creatures (collateral kills)
  A wight (D:6)
1 creature vanquished.

Vanquished Creatures (others)
  2 dancing weapons (D:6)
2 creatures vanquished.

Grand Total: 134 creatures vanquished

Notes
Turn   | Place    | Note
-------+----------+-------------------------------------------
     0 | D:1      | testman the Vampire Enchanter began the quest for the Orb.
     0 | D:1      | Reached XP level 1. HP: 13/13 MP: 3/3
   211 | D:1      | Reached XP level 2. HP: 16/19 MP: 5/5
   216 | D:1      | Learned a level 2 spell: Ensorcelled Hibernation
   384 | D:1      | Gained mutation: You are afflicted with vampirism and can
                  | become a bat while bloodless. [Vampire growth]
   384 | D:1      | Reached XP level 3. HP: 25/25 MP: 6/6
   879 | D:2      | Reached skill level 5 in Stealth
   988 | D:2      | Found a basalt altar of Yredelemnul.
  1059 | D:2      | You fall into a shaft and drop 1 floor!
  1171 | D:3      | Found a runed translucent gate.
  1171 | D:3      | Found a runed translucent gate.
  1171 | D:3      | Found a runed translucent gate.
  1171 | D:3      | Noticed lessens's ghost (amateur DEHu)
  1219 | D:3      | Reached skill level 1 in Fighting
  1219 | D:3      | Reached skill level 1 in Ice Magic
  1219 | D:3      | Reached XP level 4. HP: 21/32 MP: 7/7
  1223 | D:3      | Learned a level 3 spell: Confusing Touch
  1227 | D:3      | Learned a level 3 spell: Tukima's Dance
  1396 | D:2      | Reached skill level 5 in Hexes
  1742 | D:2      | Found Soqoekh's Assorted Antiques.
  2083 | D:3      | Noticed an ogre
  2099 | D:3      | Reached XP level 5. HP: 28/37 MP: 9/9
  2127 | D:3      | Killed an ogre
  2420 | D:4      | Reached XP level 6. HP: 17/44 MP: 0/10
  2528 | D:4      | Reached skill level 6 in Stealth
  2572 | D:4      | Noticed Natasha
  2580 | D:4      | Killed Natasha
  2913 | D:4      | Noticed Natasha
  2919 | D:4      | Killed Natasha
  2968 | D:4      | Found a radiant altar of Vehumet.
  2969 | D:4      | Found a burning altar of Makhleb.
  3172 | D:5      | Entered Level 5 of the Dungeon
  3213 | D:5      | HP: 2/45 [ogre/+0 giant club (31)]
  3215 | D:5      | Reached XP level 7. HP: 4/51 MP: 3/12
  3511 | D:5      | Reached skill level 7 in Stealth
  3567 | D:5      | Reached skill level 1 in Conjurations
  3654 | D:5      | Noticed a water elemental
  3656 | D:5      | Found a stormy altar of Qazlal.
  3659 | D:5      | Noticed a fire elemental
  3663 | D:5      | Noticed an air elemental
  3838 | D:6      | Noticed Eustachio
  3849 | D:6      | Found Inarchili's General Store.
  3853 | D:6      | Killed Eustachio
  3854 | D:6      | Reached XP level 8. HP: 48/58 MP: 3/13
  3942 | D:6      | Found Horika's Specific Store.
  4358 | D:6      | Reached skill level 8 in Stealth
  4415 | D:6      | Slain by a wight

Illustrated notes

Levels and vault maps discovered:
D:1:      tarquinn_simple_flora_water_d, layout_loops_ring
D:2:      layout_loops_cross, basic_altar, serial_shops,
          nicolae_shop_behind_doors, minmay_misc_feat_enclosed,
          nicolae_concentric_dashed_squares_wild
D:3:      layout_basic, mainiacjoe_overflow_small_starburst,
          ebering_ghost_rock_garden, minmay_ogre_servants
D:4:      layout_loops_ring, grunt_temple_overflow_lords_of_destruction,
          minmay_misc_feat_more_columns, minmay_cut_off, uniq_natasha
D:5:      layout_basic, nicolae_qazlal_style_of_elements
D:6:      layout_basic, nicolae_specific_store, uniq_eustachio

Skill      XL: |  1  2  3  4  5  6  7  8 |
---------------+-------------------------+-----
Stealth        | 5 6 7 8 |  8.1
Short Blades   | 2 3 4 |  4.9
Fighting       | 1 2 3 |  3.7
Ice Magic      | 1 2 |  2.0
Hexes          | 5 6 7 |  7.6
Spellcasting   | 3 4 |  4.3
Conjurations   | 1 2 |  2.1
Dodging        | |  2.3

Action                     |  1- 3 |  4- 6 |  7- 9 || total
---------------------------+-------+-------+-------++-------
  Melee: Dagger            |    45 |       |       ||    45
         Short sword       |    97 |   184 |    85 ||   366
         Bite              |     8 |    12 |     7 ||    27
         Punch             |     2 |     2 |       ||     4
   Cast: Ensorcelled Hiber |       |    13 |    19 ||    32
         Tukima's Dance    |       |       |     5 ||     5
         Confusing Touch   |       |       |     1 ||     1
   Stab: Sleeping          |    13 |    14 |    13 ||    40
         Distracted        |     1 |     1 |       ||     2
         Confused          |       |       |     1 ||     1
 Armour: Robe              |    21 |    12 |       ||    33
         Leather armour    |       |    18 |    11 ||    29
  Dodge: Dodged            |    74 |    85 |    56 ||   215

Table legend: (Time is in decaauts)
 A = Elapsed time spent in this place.
 B = Non-inter-level travel time spent in this place.
 C = Inter-level travel time spent in this place.
 D = Time resting spent in this place.
 E = Time spent auto-exploring this place.
 F = Levels seen in this place.
 G = Mean time per level.
                   A        B        C        D        E       F      G
               +--------+--------+--------+--------+--------+-----+--------+
         Total |   4369 |   4133 |    236 |    112 |   2944 |   6 |  728.2 |
       Dungeon |   4369 |   4133 |    236 |    112 |   2944 |   6 |  728.2 |
               +--------+--------+--------+--------+--------+-----+--------+

Top non-repeatable levels by time:
     D:3: 960 daAuts
     D:1: 823 daAuts
     D:2: 697 daAuts
     D:4: 665 daAuts
     D:6: 639 daAuts
     D:5: 582 daAuts
